 Dungeon Crawl Stone Soup version 0.28.0 (webtiles) character file.

Game seed: 17329286012439060286

281413 browni3141 the Peltast (level 20, -8/170 HPs)
             Began as a Barachi Abyssal Knight on Feb 5, 2022.
             Was the Champion of Lugonu.
             Killed from afar by Sojobo (46 damage)
             ... with a bolt of lightning
             ... on level 3 of the Vaults.
             The game lasted 01:26:14 (45695 turns).

browni3141 the Peltast (Barachi Abyssal Knight)    Turns: 45695, Time: 01:26:15

Health: -8/170     AC: 26    Str: 30    XL:     20   Next: 50%
Magic:  33/33      EV: 12    Int: 11    God:    Lugonu [******]
Gold:   2646       SH: 29    Dex: 22    Spells: 19/19 levels left

rFire   + + +      SeeInvis .   a - +6 eveningstar "Paobust" {spect, Dex+3}
rCold   + . .      Faith    .   W - +6 tower shield
rNeg    + . .      Spirit   .   Q - +3 plate armour {rC+}
rPois   +          Reflect  .   J - +0 helmet
rElec   .          Harm     .   G - scarf {repulsion}
rCorr   .          Rampage  .   k - +0 pair of gloves
Will    +....                   j - +1 pair of boots of Eternal Vigilance {rF+ rN+ Str+4 Dex+3}
Stlth   ..........              b - amulet "Uphanewa" {RegenMP rF++ Regen+ Slay+3}
HPRegen 1.18/turn               q - ring of poison resistance
MPRegen 0.63/turn               h - +6 ring of strength

@: unable to hop, studying Shields, repel missiles, slow
A: amphibious, slowness 1, strong legs 2, +LOS
}: 2/15 runes: barnacled, gossamer
a: Hop, Renounce Religion, Depart the Abyss, Bend Space, Banish, Corrupt, Enter
the Abyss, Brand Weapon With Distortion


You were on level 3 of the Vaults.
You worshipped Lugonu.
Lugonu was exalted by your worship.
You visited 6 branches of the dungeon, and saw 34 of its levels.
You visited the Abyss 2 times.
You also visited: Sewer and Volcano.

You collected 5317 gold pieces.
You spent 2671 gold pieces at shops.

Inventory:

Hand Weapons
 a - the +6 eveningstar "Paobust" (weapon) {spect, Dex+3}
   (You found it on level 3 of the Dungeon)

   When its wielder attacks, the weapon's spirit leaps out and strikes again.
   The spirit shares a part of any damage it takes with its wielder.
   Dex:       It affects your dexterity (+3).
Missiles
 s - 6 throwing nets
 v - 28 boomerangs (quivered)
 H - 7 curare-tipped darts
 T - 3 datura-tipped darts
Armour
 j - the +1 pair of boots of Eternal Vigilance (worn) {rF+ rN+ Str+4 Dex+3}
   (You found it on level 4 of the Lair of Beasts)

   Str:       It affects your strength (+4).
   Dex:       It affects your dexterity (+3).
   rF:        It protects you from fire.
   rN:        It protects you from negative energy.
 k - a +0 pair of gloves (worn)
 G - a scarf of repulsion (worn)
 J - a +0 helmet (worn)
 Q - a +3 plate armour of cold resistance (worn)
 W - a +6 tower shield (worn)
Jewellery
 b - the amulet "Uphanewa" (around neck) {RegenMP rF++ Regen+ Slay+3}
   (You bought it in a shop on level 1 of the Dungeon)

   [amulet of magic regeneration]

   It increases your rate of magic regeneration.
   Slay:      It affects your accuracy & damage with ranged weapons and melee
   (+3).
   rF:        It greatly protects you from fire.
   Regen:     It increases your rate of health regeneration.
 h - a +6 ring of strength (right hand)
 o - a ring of protection from fire
 q - a ring of poison resistance (left hand)
 u - a ring of protection from cold
 E - a ring of willpower
 I - a +4 ring of evasion
 U - an amulet of the acrobat
Wands
 A - a wand of charming (18)
 C - a wand of acid (19)
 M - a wand of digging (9)
 R - a wand of polymorph (20)
 X - a wand of paralysis (9)
 Y - a wand of iceblast (14)
Scrolls
 e - 4 scrolls of vulnerability
 l - 8 scrolls of enchant weapon
 n - a scroll of immolation
 p - 12 scrolls of teleportation
 r - a scroll of silence
 t - a scroll of fog
 y - 4 scrolls of blinking
 B - a scroll of torment
 F - 8 scrolls of fear
 K - 6 scrolls of noise
 S - 2 scrolls of magic mapping
 V - a scroll of summoning
Potions
 c - 13 potions of curing
 d - 8 potions of flight
 f - 3 potions of heal wounds
 g - 5 potions of might
 i - 4 potions of invisibility
 m - 4 potions of lignification
 w - a potion of berserk rage
 x - 4 potions of degeneration
 z - 3 potions of cancellation
 D - 8 potions of haste
 L - 6 potions of mutation
 N - 5 potions of magic
 O - 6 potions of ambrosia
 Z - 6 potions of brilliance
Miscellaneous
 P - a condenser vane (inert)


   Skills:
 - Level 18.0 Fighting
 - Level 5.1 Long Blades
 - Level 16.0 Maces & Flails
 - Level 16.0 Armour
 - Level 8.0 Dodging
 - Level 20.0 Shields
 + Level 19.0 Invocations


You had 19 spell levels left.
You didn't know any spells.
Your spell library contained the following spells:

 Spells                   Type           Power      Damage    Failure   Level
 Beastly Appendage        Tmut           0%         N/A       98%         1
 Foxfire                  Conj/Fire      0%         2x1d4     98%         1
 Blink                    Tloc           0%         N/A       99%         2
 Ensorcelled Hibernation  Hex/Ice        0%         N/A       99%         2
 Passwall                 Tmut/Erth      0%         N/A       99%         2
 Static Discharge         Conj/Air       0%         N/A       99%         2
 Sublimation of Blood     Necr           0%         N/A       99%         2
 Wereblood                Tmut           0%         N/A       99%         2
 Conjure Flame            Conj/Fire      0%         6-21      100%        3
 Frozen Ramparts          Ice            0%         1d2       100%        3
 Gell's Gravitas          Tloc           0%         N/A       100%        3
 Ignite Poison            Fire/Tmut/Pois 0%         N/A       100%        3
 Inner Flame              Hex/Fire       0%         N/A       100%        3
 Lesser Beckoning         Tloc           0%         N/A       100%        3
 Mephitic Cloud           Conj/Pois/Air  0%         N/A       100%        3
 Spider Form              Tmut/Pois      0%         N/A       100%        3
 Swiftness                Air            0%         N/A       100%        3
 Teleport Other           Tloc           0%         N/A       100%        3
 Animate Dead             Necr           0%         N/A       100%        4
 Flame Wave               Conj/Fire      0%         2d4       100%        4
 Ice Form                 Ice/Tmut       0%         N/A       100%        4
 Olgreb's Toxic Radiance  Pois           0%         N/A       100%        4
 Sticky Flame             Conj/Fire      0%         2d3       100%        4
 Summon Ice Beast         Ice/Summ       0%         N/A       100%        4
 Agony                    Necr           0%         N/A       100%        5
 Lee's Rapid Deconstruct  Erth           0%         3d5*      100%        5
 Lightning Bolt           Conj/Air       0%         1d11      100%        5
 Manifold Assault         Tloc           0%         N/A       100%        5
 Summon Mana Viper        Hex/Summ       0%         N/A       100%        5
 Conjure Ball Lightning   Conj/Air       0%         3x3d6     100%        6
 Dispersal                Tloc           0%         N/A       100%        6
 Eringya's Noxious Bog    Tmut/Pois      0%         N/A       100%        6
 Haunt                    Necr/Summ      0%         N/A       100%        7
 Malign Gateway           Summ/Tloc      0%         N/A       100%        7
 Ozocubu's Refrigeration  Ice            0%         4d5       100%        7
 Borgnjor's Revivificati  Necr           0%         N/A       100%        8
 Ignition                 Fire           0%         3d3       100%        8
 Infestation              Necr           0%         N/A       100%        8
 Maxwell's Capacitive Co  Air            0%         ∞         100%        8
 Summon Horrible Things   Summ           0%         N/A       100%        8


Dungeon Overview and Level Annotations

Branches:
Dungeon (14/15)            Temple (0/1) D:6            Lair (6/6) D:8
 Shoals (4/4) Lair:4       Spider (4/4) Lair:3        Slime (0/5) Lair:6
    Orc (2/2) D:12            Elf (0/3) Orc:2        Vaults (4/5) D:13
  Sewer (visited)         Volcano (visited)
  Crypt: Vaults:2-3

Altars:
Ashenzari
Cheibriados
Dithmenos
Elyvilon
Gozag
Hepliaklqana
Kikubaaqudgha
Nemelex Xobeh
Qazlal
Trog
Uskayaw
Vehumet
Wu Jian
Xom
Yredelemnul
The Shining One
Beogh

Shops:
D:1 *   Orc:2 :(=   Shoals:4 [=![(

Annotations:
D:3 1 exclusion
Lair:2 exclusion: downstairs
Lair:3 exclusions: oklob plant and orange crystal statue
Shoals:4 corrupted
Orc:2 corrupted
Vaults:1 3 runed translucent doors
Vaults:3 Sojobo


Innate Abilities, Weirdness & Mutations

You are amphibious.
You cover ground slowly.
You can hop long distances.
You have an extended range of vision and can be seen from far away.


Message History

Unknown command.
You puncture the stone giant!
The stone giant is almost dead.
Your +6 eveningstar "Paobust" {spect, Dex+3} hits the stone giant!
You kill the stone giant!
Lugonu accepts your kill.
The orc knight hits your +6 eveningstar "Paobust" {spect, Dex+3} with a +1 war axe of flaming!!!
Your spectral weapon shares its damage with you!
The orc knight burns your +6 eveningstar "Paobust" {spect, Dex+3}.
Your +6 eveningstar "Paobust" {spect, Dex+3} fades away.
* * * LOW HITPOINT WARNING * * *
Unknown command.
Unknown command.
Unknown command.
The ice encasing you melts away.
The orc warlord no longer looks unusually strong.
The ironbound frostheart calls freezing cold from the walls.
The frost grips you!! You partially resist.
* * * LOW HITPOINT WARNING * * *
You are encased in ice.
The orc knight roars a battlecry!
The orc warlord goes into a battle-frenzy!
Unknown command.
Unknown command.
Hop to where?
Press: ? - help, Dir - move target Boing!
Unknown command.
You see here a sphinx corpse.
Unknown command.
Unknown command.
As you read the scroll of teleportation, it crumbles to dust.
You feel strangely unstable. The ice encasing you melts away.
Your surroundings suddenly seem different.
Sojobo shouts!
Sojobo grins devilishly.
Sojobo points at you and mumbles some strange words.
The bolt of lightning misses you. The bolt of lightning hits you!!!
You die...

#Q# #.......#...)#.#####.# #)#
#.......#....### ### #Q#
#.......+....# ###.#
#.......#....# #.Q.#
#.......#....# ###.8.#
#.......#....# ......#
#########....#
###'################....#########
.............[..@................
...................Q.............
.................................
..................Q.....)........
###############'####....#########
#..........##....# #
#..........##....# #
#..........##....# # ##
#..........##...^# #


You could see Sojobo (repels missiles) and a tengu reaver.

Vanquished Creatures
  Bai Suzhen (Shoals:4)
  Arachne (Spider:4)
  Jorgrun (Shoals:2)
  Mlioglotl (Spider:4)
  Rupert (D:14)
  Polyphemus (Shoals:4)
  4 sphinxes
  A tentacled starspawn (Abyss:2)
  Donald (Spider:4)
  2 tengu reavers
  11 vault wardens
  An emperor scorpion (Spider:2)
  Louise (Spider:2)
  3 ghost moths
  12 ironbound preservers
  The ghost of joshe the Devastator, a journeyman DgCj (Shoals:1)
  2 broodmothers
  3 stone giants
  2 war gargoyles (Vaults:2)
  6 very ugly things
  3 ironbound thunderhulks
  8 starcursed masses (Abyss:2)
  The ghost of Nyzic the Grappler, a journeyman TrMo (Lair:4)
  7 entropy weavers
  9 spark wasps
  13 dire elephants
  9 merfolk impalers
  2 merfolk javelineers (Shoals:4)
  A fire dragon (Lair:6)
  10 yaktaur captains
  A great orb of eyes (Abyss:2)
  A peacekeeper (Vaults:2)
  12 boulder beetles
  5 ironbound frosthearts
  15 vault guards
  2 ogre magi (Orc:2)
  Erolcha (Orc:2)
  A merfolk avatar (Shoals:3)
  4 radroaches (Spider:4)
  11 centaur warriors
  4 hydras
  3 catoblepae
  3 jorogumos
  7 merfolk aquamancers (Shoals:4)
  2 alligator snapping turtles (Shoals:4)
  A tengu warrior (D:14)
  2 satyrs
  7 two-headed ogres
  15 death yaks
  A hell knight (Volcano)
  2 thrashing horrors (Abyss:2)
  2 wretched stars (Abyss:2)
  9 pharaoh ants
  The ghost of crazypyro the Chopper, a novice DsFi of Okawaru (D:8)
  8 sea snakes
  A sixfirhy (Abyss:2)
  21 deep trolls
  A sun moth (Spider:3)
  6 steelbarb worms
  6 wizards
  2 glowing orange brains
  10 orb spiders
  11 ironbound convokers
  6 lindwurms
  A kraken simulacrum (Shoals:4)
  3 necromancers (D:13)
  10 harpies
  4 orc knights
  27 ugly things
  3 deep elf pyromancers
  7 orc sorcerers
  3 cyclopes
  3 fauns
  15 wolf spiders
  7 manticores
  A will-o-the-wisp (Abyss:2)
  5 moths of wrath
  10 merfolk sirens
  2 molten gargoyles (Lair:6)
  5 black mambas
  4 water nymphs
  7 vault sentinels
  A gargoyle (D:7)
  A cane toad (shapeshifter) (Abyss:2)
  8 torpor snails
  2 orange demons (Abyss:2)
  13 cane toads
  The ghost of xSliceyx the Covered, a novice FoFi of Okawaru (D:4)
  5 kobold demonologists (D:6)
  An efreet (D:13)
  3 rime drakes
  8 demonic crawlers
  An unseen horror (D:12)
  15 komodo dragons
  27 yaktaurs
  3 ancient zymes (Abyss:2)
  10 meliai
  6 trolls
  A harpy zombie (Abyss:2)
  35 merfolk
  2 wind drakes (Shoals:3)
  A hornet (D:9)
  3 polar bears
  A tengu simulacrum (Vaults:1)
  24 tarantellas
  13 blink frogs
  14 slime creatures
  4 raiju (Abyss:2)
  2 snapping turtles
  21 culicivoras
  3 vampires
  25 jumping spiders
  10 water elementals
  20 humans (D:13)
  2 shadows
  A wraith (D:10)
  4 wyverns
  17 yaks
  A small abomination (Abyss:2)
  4 basilisks (Lair:6)
  4 steam dragons
  55 redbacks
  5 vampire mosquitoes (D:13)
  4 large abominations (Abyss:2)
  10 wargs
  Duvessa (D:6)
  3 acid dragons
  16 water moccasins
  4 hell hounds (Lair:6)
  2 black bears (D:6)
  A sky beast (D:6)
  18 orc warriors
  12 ogres
  2 necrophages (D:9)
  8 wolves (Lair:5)
  15 centaurs
  Blork the orc (D:5)
  4 kobold brigands
  8 bullfrogs
  A wyvern zombie (D:9)
  3 gnoll sergeants
  2 scorpions
  A water moccasin zombie (D:7)
  Dowan (D:6)
  6 killer bees
  9 wights
  5 electric eels
  4 howler monkeys
  A crimson imp (D:8)
  7 centaur zombies
  A human zombie (D:9)
  6 lava snakes
  4 hounds (D:5)
  3 jellies
  A bullfrog skeleton (D:3)
  2 gnoll shamans
  18 orc priests
  A centaur skeleton (D:5)
  An iron imp (Abyss:2)
  An iguana (D:5)
  29 orc wizards
  2 hell rats (Lair:5)
  A statue (D:9)
  A hound skeleton (D:4)
  A mummy (D:9)
  3 howler monkey zombies
  20 gnolls
  A howler monkey skeleton (D:5)
  6 adders
  9 river rats
  3 white imps
  An ufetubus (D:5)
  2 worms (D:4)
  A dart slug (shapeshifter) (Vaults:1)
  3 dart slugs
  66 orcs
  6 bats
  14 endoplasms
  5 giant cockroaches
  9 goblins
  13 hobgoblins
  3 jackals
  2 quokkas
  4 ball pythons
  6 frilled lizards
  14 kobolds
  13 rats
1222 creatures vanquished.

Vanquished Creatures (others)
  A very ugly thing (Vaults:2)
  2 ironbound thunderhulks (Vaults:2)
  A merfolk javelineer (Shoals:4)
  3 centaur warriors (Vaults:2)
  A merfolk avatar (Shoals:4)
  A sea snake (Shoals:4)
  An ironbound convoker (Vaults:2)
  3 harpies (Shoals:4)
  2 ugly things (Vaults:2)
  2 orc sorcerers (Orc:2)
  A water nymph (Shoals:4)
  2 manticores (Shoals:4)
  3 yaktaurs (Vaults:2)
  A merfolk (Shoals:4)
  A snapping turtle (Shoals:4)
  A jumping spider (Spider:4)
  A redback (Spider:1)
  An orc priest (Orc:2)
  9 orc wizards
  5 orcs (Orc:2)
  A kobold (D:8)
  2 foxfires (Abyss:2)
  10 fungi
  112 plants
  2 starspawn tentacles (Abyss:2)
  4 tentacles (Shoals:4)
  A withered plant (D:10)
174 creatures vanquished.

Grand Total: 1396 creatures vanquished

Notes
Turn   | Place    | Note
-------+----------+-------------------------------------------
     0 | Abyss:1  | browni3141 the Barachi Abyssal Knight began the quest for
                  | the Orb.
     0 | Abyss:1  | Reached XP level 1. HP: 18/18 MP: 2/2
     0 | D:1      | Escaped the Abyss
   148 | D:1      | Found a faded altar of an unknown god.
   179 | D:1      | Reached XP level 2. HP: 24/24 MP: 3/3
   262 | D:1      | Found Laghyz's Assorted Antiques.
   409 | D:1      | Reached * piety under Lugonu
   871 | D:1      | Reached XP level 3. HP: 21/29 MP: 4/4
  1473 | D:2      | Identified the +0 robe of Pan-Flutes {Fly}
  1556 | D:2      | Found a white marble altar of Elyvilon.
  2488 | D:3      | Reached skill level 5 in Long Blades
  2605 | D:3      | Reached XP level 4. HP: 36/36 MP: 5/5
  2638 | D:3      | Identified the +6 eveningstar "Paobust" {spect, Dex+3}
  2668 | D:3      | Reached skill level 1 in Maces & Flails
  2902 | D:3      | Found a glowing drain.
  2906 | Sewer    | Entered a sewer
  2915 | Sewer    | Noticed a kobold brigand
  3525 | D:3      | Noticed a water moccasin
  3534 | D:3      | Reached XP level 5. HP: 22/41 MP: 6/6
  3962 | D:3      | Reached ** piety under Lugonu
  4468 | D:4      | Found a snail-covered altar of Cheibriados.
  4550 | D:4      | Found a transporter.
  4553 | D:4      | Found a transporter.
  4554 | D:4      | Noticed xSliceyx's ghost (novice FoFi)
  4554 | D:4      | Noticed an ogre
  4554 | D:4      | Noticed an ogre
  4633 | D:4      | Reached XP level 6. HP: 15/47 MP: 7/7
  4857 | D:4      | Reached skill level 5 in Maces & Flails
  5792 | D:4      | Found a stormy altar of Qazlal.
  6296 | D:3      | Reached XP level 7. HP: 49/52 MP: 8/8
  6821 | D:5      | Entered Level 5 of the Dungeon
  6841 | D:5      | Noticed Blork the orc
  6853 | D:5      | Killed Blork the orc
  6858 | D:5      | Reached *** piety under Lugonu
  7072 | D:5      | Found a shimmering altar of Xom.
  7107 | D:5      | Reached XP level 8. HP: 53/59 MP: 9/9
  7488 | D:4      | Killed xSliceyx's ghost
  7489 | D:4      | Reached skill level 10 in Maces & Flails
  7802 | D:6      | Got the Disquisition on Changing and Feathers
  7811 | D:6      | Found a staircase to the Ecumenical Temple.
  7830 | D:6      | Reached XP level 9. HP: 64/64 MP: 10/10
  7852 | D:6      | Identified a scroll of acquirement
  7853 | D:6      | Acquired 1069 gold pieces
  8002 | D:6      | Noticed Dowan
  8012 | D:6      | Killed Dowan
  8141 | D:6      | Noticed Duvessa
  8147 | D:6      | Killed Duvessa
  8401 | D:6      | Noticed a kobold demonologist
  8416 | D:6      | Killed a kobold demonologist
  8422 | D:6      | Noticed a kobold demonologist
  8432 | D:6      | Killed a kobold demonologist
  8556 | D:6      | Found a broken altar of Ashenzari.
  8828 | D:6      | Reached **** piety under Lugonu
  8989 | D:6      | Identified the +6 hunting sling of Ujustrave {freeze, Fly
                  | Int+3}
  9294 | D:7      | Noticed a gargoyle
  9306 | D:7      | Killed a gargoyle
  9307 | D:7      | Reached XP level 10. HP: 50/70 MP: 11/11
  9396 | D:7      | Noticed a kobold demonologist
  9398 | D:7      | Noticed a kobold demonologist
  9400 | D:7      | Noticed a kobold demonologist
  9508 | D:6      | Killed a kobold demonologist
  9510 | D:6      | Killed a kobold demonologist
  9511 | D:6      | Reached skill level 15 in Maces & Flails
  9642 | D:7      | Noticed a sixfirhy
  9645 | D:6      | Killed a kobold demonologist
  9844 | D:7      | Found an opulent altar of Gozag.
 10977 | D:8      | Found a transporter.
 11063 | D:8      | Found a transporter.
 11071 | D:8      | Found a bloodstained altar of Trog.
 11071 | D:8      | Noticed crazypyro's ghost (novice DsFi)
 11073 | D:8      | Noticed a moth of wrath
 11546 | D:8      | Found a sparkling altar of Nemelex Xobeh.
 11616 | D:8      | Identified the +4 ring mail of Dice, Bag, and Bottle {rC+
                  | Will- Str+4}
 11651 | D:8      | You fall into a shaft and drop 2 floors!
 11651 | D:10     | Entered Level 10 of the Dungeon
 11657 | D:10     | Reached skill level 1 in Shields
 11817 | D:9      | Found a glowing golden altar of the Shining One.
 11925 | D:9      | Found a white marble altar of Elyvilon.
 12054 | D:8      | Found a staircase to the Lair.
 12059 | D:8      | Reached skill level 2 in Shields
 12069 | D:8      | Reached skill level 3 in Shields
 12381 | D:8      | Found a hide-covered altar of Uskayaw.
 12689 | D:8      | Killed crazypyro's ghost
 12690 | D:8      | Reached skill level 5 in Fighting
 12690 | D:8      | Reached skill level 4 in Shields
 12690 | D:8      | Reached XP level 11. HP: 68/80 MP: 12/12
 12692 | D:8      | Reached skill level 5 in Shields
 12694 | D:8      | Killed a moth of wrath
 13053 | D:9      | Reached skill level 6 in Shields
 13242 | D:9      | Found a radiant altar of Vehumet.
 13563 | D:9      | Got the Guide on Sinister Execration
 13670 | D:9      | Reached skill level 7 in Shields
 13709 | D:9      | Found a basalt altar of Yredelemnul.
 13789 | D:9      | Identified the +4 dagger of Nuoggyef {pain, Int+4 Dex+4}
 13991 | D:10     | Noticed an orc knight
 13995 | D:10     | Reached ***** piety under Lugonu
 14005 | D:10     | Killed an orc knight
 14006 | D:10     | Reached skill level 8 in Shields
 14195 | D:10     | Found an ancient bone altar of Kikubaaqudgha.
 14339 | D:10     | Found an ornate altar of the Wu Jian Council.
 14607 | Lair:1   | Entered Level 1 of the Lair of Beasts
 14723 | Lair:1   | Reached skill level 5 in Invocations
 14819 | Lair:1   | Noticed a five-headed hydra
 14825 | Lair:1   | Killed a five-headed hydra
 14826 | Lair:1   | Reached XP level 12. HP: 88/88 MP: 16/16
 14917 | Lair:1   | Identified the +6 hunting sling of the Solstice {flame,
                  | Fly}
 15500 | Lair:2   | Noticed a six-headed hydra
 15508 | Lair:2   | Killed a six-headed hydra
 16209 | Lair:3   | Noticed a death yak
 16254 | Lair:3   | Reached skill level 10 in Invocations
 16558 | Lair:3   | Found a hole to the Spider Nest.
 16902 | Lair:3   | Noticed a five-headed hydra
 16913 | Lair:3   | Killed a five-headed hydra
 16914 | Lair:3   | Reached skill level 5 in Armour
 17143 | Lair:3   | Killed a death yak
 17144 | Lair:3   | Reached skill level 9 in Shields
 17144 | Lair:3   | Gained mutation: You can hop long distances. [Barachi
                  | growth]
 17144 | Lair:3   | Reached XP level 13. HP: 90/96 MP: 20/20
 17831 | Lair:4   | Acquired 862 gold pieces
 18014 | Lair:4   | Found a transporter.
 18014 | Lair:4   | Noticed Nyzic's ghost (journeyman TrMo)
 18031 | Lair:4   | Found a transporter.
 18224 | Lair:4   | Found a staircase to the Shoals.
 18641 | Lair:4   | Identified the +1 ring mail of the Onion {rElec rPois}
 18694 | Lair:4   | Killed Nyzic's ghost
 19153 | Lair:4   | Identified the +1 pair of boots of Eternal Vigilance {rF+
                  | rN+ Str+4 Dex+3}
 19532 | Lair:5   | Noticed Sonja
 19535 | Lair:5   | Noticed Sonja
 19535 | Lair:5   | Sonja changed into Sonja the blink frog
 19542 | Lair:5   | Reached skill level 10 in Shields
 19544 | Lair:5   | Killed Sonja the blink frog
 19562 | Lair:5   | Found a dark tunnel.
 19576 | Volcano  | Entered a volcano
 19716 | Volcano  | Found a radiant altar of Vehumet.
 21096 | Lair:6   | Entered Level 6 of the Lair of Beasts
 21255 | Lair:6   | Found a staircase to the Slime Pits.
 21271 | Lair:6   | Reached skill level 10 in Fighting
 21406 | Lair:6   | Reached skill level 11 in Shields
 21688 | Lair:6   | Reached ****** piety under Lugonu
 21730 | Lair:6   | Reached XP level 14. HP: 92/111 MP: 21/21
 22334 | Lair:6   | Found a large runed translucent door.
 22334 | Lair:6   | Found a large runed translucent door.
 22465 | Lair:6   | Reached skill level 10 in Armour
 23114 | D:11     | Reached skill level 12 in Shields
 23974 | D:12     | Found a staircase to the Orcish Mines.
 24050 | D:12     | Found a shadowy altar of Dithmenos.
 24820 | D:13     | Found a gate to the Vaults.
 25067 | D:13     | Reached XP level 15. HP: 66/122 MP: 22/22
 25953 | D:14     | Reached skill level 13 in Shields
 26147 | D:14     | Found a faded altar of an unknown god.
 26147 | D:14     | Found a faded altar of an unknown god.
 26148 | D:14     | Found a hazy altar of Hepliaklqana.
 26171 | D:14     | Noticed Rupert
 26181 | D:14     | Killed Rupert
 26182 | D:14     | Reached skill level 5 in Dodging
 27123 | Orc:1    | Entered Level 1 of the Orcish Mines
 27205 | Orc:2    | Entered Level 2 of the Orcish Mines
 27224 | Orc:2    | Found Fadiduq's Jewellery Emporium.
 27243 | Orc:2    | Found a staircase to the Elven Halls.
 28833 | Orc:2    | Paralysed by an orc sorcerer for 7 turns
 29179 | Orc:2    | Found Newaeg's Antique Weapon Shop.
 29185 | Orc:2    | Paralysed by an orc sorcerer for 6 turns
 29206 | Orc:2    | Noticed Erolcha
 29211 | Orc:2    | Found a radiant altar of Vehumet.
 29214 | Orc:2    | Killed Erolcha
 29222 | Orc:2    | Found Azegrual's Distillery.
 29238 | Orc:2    | Paralysed by an orc sorcerer for 3 turns
 29241 | Orc:2    | Corrupted Orc:2
 29241 | Orc:2    | Noticed a tentacled starspawn
 29241 | Orc:2    | Noticed a bone dragon
 29391 | Orc:2    | Found Laicsytt's Book Boutique.
 29399 | Orc:2    | Found an ancient bone altar of Kikubaaqudgha.
 29420 | Orc:2    | Found Kaanoirchux's Magic Scroll Shop.
 29429 | Orc:2    | Bought a scroll of teleportation for 42 gold pieces
 29429 | Orc:2    | Bought a scroll of identify for 28 gold pieces
 29429 | Orc:2    | Bought a scroll of identify for 28 gold pieces
 29429 | Orc:2    | Bought a scroll of teleportation for 42 gold pieces
 29429 | Orc:2    | Bought a scroll of identify for 28 gold pieces
 29429 | Orc:2    | Bought a scroll of identify for 28 gold pieces
 29429 | Orc:2    | Bought a scroll of summoning for 133 gold pieces
 29429 | Orc:2    | Bought a scroll of fear for 49 gold pieces
 29429 | Orc:2    | Bought a scroll of magic mapping for 49 gold pieces
 29676 | Spider:1 | Entered Level 1 of the Spider Nest
 30163 | Orc:2    | Bought a potion of cancellation for 112 gold pieces
 30163 | Orc:2    | Bought a potion of might for 56 gold pieces
 30163 | Orc:2    | Bought a potion of brilliance for 56 gold pieces
 30163 | Orc:2    | Bought a potion of attraction for 42 gold pieces
 30163 | Orc:2    | Bought a potion of curing for 42 gold pieces
 30163 | Orc:2    | Bought a potion of flight for 42 gold pieces
 30163 | Orc:2    | Bought 2 potions of curing for 84 gold pieces
 30163 | Orc:2    | Bought 2 potions of curing for 84 gold pieces
 30456 | D:1      | Bought a faintly glowing sapphire amulet for 135 gold
                  | pieces
 30456 | D:1      | Identified the amulet "Uphanewa" {RegenMP rF++ Regen+
                  | Slay+3} (You bought it in a shop on level 1 of the Dungeon)
 30456 | D:1      | Bought a smoky brown potion for 24 gold pieces
 30456 | D:1      | Bought 2 potions of curing for 162 gold pieces
 30456 | D:1      | Bought a scroll of fog for 54 gold pieces
 31002 | Spider:1 | Reached skill level 14 in Shields
 31403 | Spider:1 | Reached XP level 16. HP: 134/134 MP: 23/23
 32408 | Orc:2    | Bought a ring of poison resistance for 240 gold pieces
 32692 | Spider:2 | Noticed Louise
 32716 | Spider:2 | Killed Louise
 33027 | Spider:2 | Reached skill level 15 in Fighting
 33574 | Spider:2 | Reached skill level 15 in Shields
 34387 | Spider:3 | Reached skill level 15 in Armour
 34938 | Spider:4 | Entered Level 4 of the Spider Nest
 34939 | Spider:4 | Noticed Arachne
 35009 | Spider:4 | Killed Arachne
 35091 | Spider:4 | Reached XP level 17. HP: 105/144 MP: 24/24
 35314 | Spider:4 | Reached skill level 16 in Shields
 35534 | Spider:4 | Noticed Mlioglotl
 35545 | Spider:4 | Killed Mlioglotl
 35921 | Spider:4 | Noticed Donald
 35984 | Spider:4 | Killed Donald
 36131 | Spider:4 | Got a gossamer rune of Zot
 36394 | Shoals:1 | Entered Level 1 of the Shoals
 36824 | Shoals:1 | Found a runed translucent door.
 36826 | Shoals:1 | Noticed joshe's ghost (journeyman DgCj)
 37121 | Shoals:1 | Killed joshe's ghost
 37157 | Shoals:2 | Noticed Jorgrun
 37169 | Shoals:2 | Killed Jorgrun
 38233 | Shoals:3 | Reached XP level 18. HP: 61/157 MP: 27/27
 38694 | Shoals:4 | Entered Level 4 of the Shoals
 38694 | Shoals:4 | Noticed Polyphemus
 38793 | Shoals:4 | Killed Polyphemus
 38939 | Shoals:4 | Found Omofaom's Antique Armour Boutique.
 38954 | Shoals:4 | Corrupted Shoals:4
 39166 | Shoals:4 | Noticed Bai Suzhen
 39183 | Shoals:4 | Killed Bai Suzhen
 39311 | Shoals:4 | Bought a pair of glowing boots for 187 gold pieces
 39342 | Shoals:4 | Found Noch's Jewellery Boutique.
 39348 | Shoals:4 | Found Qafij's Distillery.
 39437 | Shoals:4 | Found Xitar's Armour Emporium.
 39467 | Shoals:4 | Found Caweep's Antique Weapon Shop.
 39621 | Shoals:4 | Bought 2 potions of cancellation for 352 gold pieces
 39621 | Shoals:4 | Bought a potion of heal wounds for 110 gold pieces
 39621 | Shoals:4 | Bought a potion of curing for 66 gold pieces
 39621 | Shoals:4 | Bought a potion of mutation for 176 gold pieces
 39621 | Shoals:4 | Bought 2 potions of heal wounds for 220 gold pieces
 40127 | Shoals:4 | Got a barnacled rune of Zot
 40705 | Vaults:1 | Entered Level 1 of the Vaults
 40871 | Vaults:1 | Reached skill level 15 in Invocations
 40935 | Vaults:1 | Found a runed translucent gate.
 40935 | Vaults:1 | Found a runed translucent gate.
 40935 | Vaults:1 | Found a runed translucent gate.
 40935 | Vaults:1 | Noticed a tentacled monstrosity
 40936 | Vaults:1 | Noticed a tentacled monstrosity
 40936 | Vaults:1 | Noticed a tentacled monstrosity
 41432 | Vaults:1 | Reached XP level 19. HP: 133/163 MP: 30/30
 42207 | Vaults:2 | Cast into level 2 of the Abyss (a wizard)
 42360 | Abyss:2  | Found a corrupted altar of Lugonu.
 42454 | Abyss:2  | Found a corrupted altar of Lugonu.
 42611 | Vaults:2 | Escaped the Abyss
 42977 | Vaults:2 | You fall into a shaft and drop 2 floors!
 42983 | Vaults:4 | Acquired a manual of Shields
 43316 | Vaults:4 | Reached skill level 17 in Shields
 43796 | Vaults:4 | Reached skill level 18 in Shields
 44083 | Vaults:4 | Got Sif Muna's Guide on the Floating Mountains
 44324 | Vaults:4 | Reached XP level 20. HP: 85/170 MP: 33/33
 44767 | Vaults:3 | Reached skill level 19 in Shields
 45165 | Vaults:3 | Reached skill level 20 in Shields
 45352 | Vaults:3 | Identified the ring "Naif Rowe" {rN+ AC+4}
 45358 | Vaults:3 | Identified the +6 quarterstaff of Purpose {holy, rElec
                  | rPois rF- Dex+5}
 45512 | Vaults:3 | Noticed Sojobo
 45695 | Vaults:3 | Killed from afar by Sojobo

Illustrated notes

Levels and vault maps discovered:
D:1:      lightli_arrival_flooded_house, layout_loops_cross,
          shapermc_ecumenical_altar_ellora, serial_shops, shop_fountains,
          wander_ebering_terrifying_dragon_lair
D:2:      layout_rooms, basic_altar, serial_co_window_serial,
          co_window_corner_a, co_window_corner_a, co_window_of_opportunity_a,
          co_window_paths_b, co_window_corner_a, co_window_of_opportunity_a,
          co_window_paths_a, co_window_corner_ca, co_window_of_opportunity_b,
          co_window_corner_b, co_window_corner_b, co_window_of_opportunity_b,
          glass_columns_b, glass_columns_a
D:3:      minmay_thinvault, layout_basic, gup_sewer_entry_spiral
D:4:      layout_basic, grunt_qazlal_clouds, cheibrodos_worm_habitat,
          gammafunk_ghost_smash, kennysheep_windowed_goal
D:5:      layout_gridville, mainiacjoe_overflow_tiny_flanked, uniq_blork_the_orc
D:6:      layout_gridville, nicolae_ashenzari_panopticon,
          minmay_temple_entry_gardened_gates, uniq_duvessa
D:7:      layout_layer_cave, nicolae_gozag_seed_capital
D:8:      layout_loops_cross, mainiacjoe_overflow_surrounded_room,
          nicolae_uskayaw_murder_on_the_dancefloor, erik_lair_orcish_takeover,
          gammafunk_ghost_wrathful_warriors, minmay_fire_ice_demons
D:9:      layout_rooms, elyvilon_altar_5, lemuel_mausoleum_altar_yredelemnul,
          mainiacjoe_overflow_alcove_2, vehumet_statue
D:10:     layout_irregular_city, kiku_gazebo_garden_becter,
          pdpol_wu_jian_five_deadly_venoms, serial_column_ruins,
          column_ruins_grid_5, column_ruins_open_small, column_ruins_open_tiny,
          column_ruins_grid_4, column_ruins_corridor_T,
          column_ruins_corridor_straight, grunt_ministairs_15
D:11:     layout_cross
D:12:     layout_small_grid, orc_0_dummy, grunt_dithmenos_smoke
D:13:     minmay_evil_eye, layout_loops_corners, grunt_vaults_entry_tiered,
          serial_bayou_lagoon_a, st_stairs_4
D:14:     layout_irregular_city, grunt_decor_clamped,
          nicolae_hepliaklqana_ecumenical_no_more, uniq_rupert
Lair:1:   layout_roguey, infiniplex_staircase_pool, grunt_megastairs_2
Lair:2:   layout_loops_ring
Lair:3:   layout_roguey, dummy_spider_entry, minmay_lair_oklob_bushes,
          chequers_serial_rivers_small_3, disabler_island, lemuel_fruit_fields,
          serial_bayou_shore_b
Lair:4:   layout_cave_pods, minmay_shoals_entry_lonely_mermaid,
          gammafunk_ghost_arena, lemuel_fruit_tree, grunt_megastairs_5,
          lemuel_fruit_fields
Lair:5:   layout_cave_pods, enter_volcano_2, cheibrodos_lair_caveside_slide,
          kennysheep_abandoned_house, serial_bayou_shore_b, uniq_sonja
Lair:6:   cheibrodos_lair_end_hotspot, layout_regular_city, slime_dummy,
          serial_bayou_lake_a
Shoals:1: layout_shoals, ebering_ghost_reflecting_pool, nicolae_shoals_shepherds
Shoals:2: layout_shoals, uniq_jorgrun
Shoals:3: layout_shoals
Shoals:4: shoals_end_grunt_ice, layout_shoals, serial_shops, nicolae_shop_stone,
          shop, shop, nicolae_shop_advertising_works
          [nicolae_subvault_shop_adworks], shop, uniq_polyphemus,
          uniq_bai_suzhen
Spider:1: layout_chambers, drop_trap
Spider:2: layout_chambers, uniq_louise
Spider:3: layout_chambers, hangedman_spider_tarantella_strand
Spider:4: hellmonk_spider_rune_bug_friends, uniq_donald, uniq_arachne,
          uniq_mlioglotl
Orc:1:    layout_caves
Orc:2:    kennysheep_orc_mage_school, layout_diamond_mine, serial_shops,
          shop_fountains
Vaults:1: ploomutoo_gammafunk_ghost_potion_laboratory, serial_ice_m,
          vaults_room_door_ring, nicolae_vaults_little_squares_1,
          nicolae_vaults_little_squares_1, vaults_standard_mumra_x, st_lattice,
          vaults_room_grunt_arrival_ludios, layout_vaults_big_room
Vaults:2: v_misc_32, v_misc_17, v_rooms_1, nicolae_vaults_specimen_jars,
          nicolae_vaults_know_your_exits, v_misc_33,
          nicolae_vaults_disjoint_gnomons, v_misc_17, v_misc_3,
          vaults_mumra_hex, nicolae_vaults_ring_of_whatevers,
          nicolae_vaults_asterisk, layout_vaults_omnibox, serial_shops,
          nicolae_shop_overgrown_old_shop
Vaults:3: minmay_crypt_entry_necro_gods, hangedman_vaults_maws,
          nicolae_vaults_octagons, vaults_mumra_lcd,
          nicolae_vaults_border_crossing, v_misc_30,
          nicolae_vaults_ninety_degrees, hangedman_vaults_locks,
          vaults_room_pool, v_misc_33, grunt_vaults_focal,
          layout_vaults_big_cross, uniq_sojobo
Vaults:4: v_misc_24, nicolae_vaults_alarming, v_rooms_2, v_misc_23,
          nicolae_vaults_little_squares_1, v_misc_30,
          hangedman_vaults_stretched_pinwheel, nicolae_vaults_yaktaur_gun_rack,
          v_misc_13, v_misc_8, layout_vaults_omnigrid

Skill      XL: |  1  2  3  4  5  6  7  8  9 10 11 12 13 14 15 16 17 18 19 20 |
---------------+-------------------------------------------------------------+-----
Long Blades    | 3 4 5 |  5.1
Maces & Flails | 3 4 6 8 11 14 16 | 16.0
Shields        | 4 8 9 11 12 14 15 16 18 20 | 20.0
Fighting       | 5 6 7 10 12 14 16 18 | 18.0
Armour         | 3 5 9 11 13 15 16 | 16.0
Dodging        | 2 4 6 8 |  8.0
Invocations    | 6 10 12 15 18 19 | 19.0

Action                   |  1- 3 |  4- 6 |  7- 9 | 10-12 | 13-15 | 16-18 | 19-21 || total
-------------------------+-------+-------+-------+-------+-------+-------+-------++-------
Melee: Falchion          |   136 |   109 |       |       |       |       |       ||   245
       Scimitar          |       |    89 |       |       |       |       |       ||    89
       Dagger            |       |     3 |    11 |       |       |       |       ||    14
       Eveningstar       |       |       |   112 |   337 |   689 |   921 |   625 ||  2684
Throw: Boomerang         |       |       |       |       |       |    36 |     3 ||    39
Invok: Depart the Abyss  |     1 |       |       |       |       |       |       ||     1
       Bend Space        |       |       |       |       |     1 |     3 |     4 ||     8
       Corrupt           |       |       |       |       |     1 |     1 |       ||     2
       Banish            |       |       |       |       |       |     7 |       ||     7
 Abil: Hop               |       |     3 |     1 |       |     8 |     8 |     5 ||    25
Evoke: Wand              |       |     5 |     2 |       |     9 |       |     6 ||    22
       Condenser vane    |       |       |       |       |     2 |       |     1 ||     3
  Use: Scroll            |     1 |       |     3 |     4 |    14 |    11 |     6 ||    39
       Potion            |       |       |       |       |     3 |     5 |    13 ||    21
 Stab: Distracted        |     1 |       |     2 |     3 |    13 |    22 |    12 ||    53
       Confused          |       |       |       |       |     1 |       |       ||     1
       Invisible         |       |       |       |       |       |       |     6 ||     6
Armor: Leather armour    |    21 |       |       |       |       |       |       ||    21
       Scale mail        |    26 |    74 |    30 |    27 |       |       |       ||   157
       Ring mail         |       |       |       |    45 |    14 |       |       ||    59
       Chain mail        |       |       |       |       |   233 |    10 |       ||   243
       Plate armour      |       |       |       |       |       |   421 |   102 ||   523
Dodge: Dodged            |    68 |    71 |    24 |    79 |   191 |   331 |   113 ||   877
       Repelled          |       |       |       |       |       |     5 |       ||     5
Block: Buckler           |       |    16 |    21 |    26 |       |       |       ||    63
       Reflection        |       |       |     1 |    16 |    30 |       |       ||    47
       Kite shield       |       |       |       |   192 |   457 |    51 |       ||   700
       Tower shield      |       |       |       |       |       |   982 |   554 ||  1536
